 Dungeon Crawl Stone Soup version 0.29-a0-284-gf9362112df (webtiles) character file.

Game seed: 14081358396359941178

13500 sammy202020 the Fighter (level 11, -8/96 HPs)
             Began as a Palentonga Berserker on Mar 23, 2022.
             Was a Priest of Trog.
             Mangled by an ironbound frostheart (15 damage)
             ... in an ice cave.
             The game lasted 00:21:02 (9028 turns).

sammy202020 the Fighter (Palentonga Berserker)      Turns: 9028, Time: 00:21:02

Health: -8/96      AC: 21    Str: 21    XL:     11   Next: 76%
Magic:  11/11      EV:  8    Int: 10    God:    Trog [***...]
Gold:   456        SH: 15    Dex: 11    Spells: 10/10 levels left

rFire   + . .      SeeInvis +   o - +1 war axe
rCold   + + +      Faith    .   l - +1 tower shield
rNeg    + . .      Spirit   .   x - +3 leather armour {rF+}
rPois   .          Reflect  .   r - +5 helmet of the Lion {rC+++}
rElec   .          Harm     .   (no cloak)
rCorr   .          Rampage  .   (no gloves)
Will    +++..                   (no barding)
Stlth   +.........              m - amulet of regeneration
HPRegen 2.06/turn               f - ring of willpower
MPRegen 0.12/turn               t - ring of positive energy

@: strong-willed, frozen, on berserk cooldown, regenerating, slowed, curled up,
very slow
A: large, rugged brown scales 3, see invisible, deformed body, roll 1, armoured
tail, reflexive curl
a: Rolling Charge, Renounce Religion, Berserk, Trog's Hand


You were in an ice cave.
You worshipped Trog.
Trog was most pleased with you.
You visited 1 branch of the dungeon, and saw 9 of its levels.
You also visited: Ossuary and Ice Cave.

You collected 456 gold pieces.

Inventory:

Hand Weapons
 n - a +1 flail
 o - a +1 war axe (weapon)
 B - a +1 demon whip of venom
Missiles
 p - a throwing net
Armour
 l - a +1 tower shield (worn)
 r - the +5 helmet of the Lion (worn) {rC+++}
   (You found it on level 4 of the Dungeon)

   rC:        It renders you almost immune to cold.
 x - a +3 leather armour of fire resistance (worn)
Jewellery
 f - a ring of willpower (left hand)
 g - a ring of fire
 m - an amulet of regeneration (around neck)
 s - a ring of positive energy
 t - a ring of positive energy (right hand)
 D - an amulet of the acrobat
Wands
 e - a wand of mindburst (15)
 u - a wand of flame (15)
 C - a wand of iceblast (9)
Scrolls
 i - a scroll of amnesia
 q - a scroll of enchant armour
 w - 3 scrolls of magic mapping
 y - 3 scrolls of teleportation
 z - a scroll of fog
 F - a scroll of summoning
Potions
 a - a potion of ambrosia {unknown}
 b - 5 potions of magic
 c - a potion of brilliance {unknown}
 d - a potion of invisibility {unknown}
 h - a potion of mutation {unknown}
 j - 3 potions of haste {unknown}
 k - 3 potions of curing {unknown}
 v - 2 potions of cancellation {unknown}
 A - a potion of might {unknown}


   Skills:
 * Level 9.7 Fighting
 * Level 9.7 Axes
 * Level 7.8 Armour
 + Level 5.5 Dodging
 * Level 7.3 Shields


You had 10 spell levels left.
You didn't know any spells.
Your spell library was empty.

Dungeon Overview and Level Annotations

Branches:
Dungeon (11/15)            Temple (0/1) D:6            Lair (0/6) D:8
Ossuary (visited)           IceCv (1/1)
    Orc: D:9-12

Altars:
Makhleb
Nemelex Xobeh
Qazlal

Shops:
D:2 ==   D:8 *


Innate Abilities, Weirdness & Mutations

You are completely covered in rugged brown scales. (AC +3, +7% HP)
You have supernaturally acute eyesight. (SInv)
Armour fits poorly on your strangely shaped body.
You can roll at nearby foes to attack.
You have a long armoured tail.
You curl defensively after being hit. (AC +7*)


Message History

The ironbound frostheart is moderately wounded.
The ironbound frostheart touches you! The ironbound frostheart freezes you.
You resist.
You barely miss the ironbound frostheart.
The ironbound frostheart is moderately wounded.
You block the ironbound frostheart's attack.
You barely miss the ironbound frostheart.
The ironbound frostheart is moderately wounded.
The ironbound frostheart touches you. The ironbound frostheart freezes you.
You resist.
You hit the ironbound frostheart.
The ironbound frostheart is moderately wounded.
You block the ironbound frostheart's attack.
You barely miss the ironbound frostheart.
The ironbound frostheart is moderately wounded.
The ice encasing you melts away.
The ironbound frostheart touches you but does no damage.
You barely miss the ironbound frostheart.
You tail-slap the ironbound frostheart!
The ironbound frostheart is heavily wounded.
You are no longer berserk.
You are exhausted.
You feel yourself slow down.
You hear an angry growl.
Okay, then.
You completely miss the ironbound frostheart.
The ironbound frostheart is heavily wounded.
The ironbound frostheart touches you! The ironbound frostheart freezes you.
You resist.
* * * LOW HITPOINT WARNING * * *
The ironbound frostheart calls freezing cold from the walls.
The frost grips you!! You partially resist.
* * * LOW HITPOINT WARNING * * *
You are encased in ice.
You slash the ironbound frostheart! You tail-slap the ironbound frostheart.
The ironbound frostheart is severely wounded.
You hear a bellow!
You block the ironbound frostheart's attack.
The ironbound frostheart touches you!
You die...

#..##### #..# ##.#
#.####.####.## ##..#
#..##..)# #..###..##
##.##.⌠.# ##..#...#
#......# #.....##
##..#†######....#
#####†##.###...#
##Y##.#..##..##
#p.#@###....####
#...Yp.#p###...##.#.##
|$#.p.h#.###.#.###.#.#
#.h.###....### ##.##
##Y# ##..## ### ##
####


You could see an ironbound frostheart.

Vanquished Creatures
  6 death yaks (IceCv)
  Amaemon (D:8)
  An ice statue (IceCv)
  Joseph (D:8)
  An orange demon (D:8)
  A rime drake (IceCv)
  2 trolls
  6 polar bears (IceCv)
  2 wyverns (D:8)
  A basilisk (D:8)
  Eustachio (D:6)
  16 yaks
  Edmund (D:6)
  A water moccasin (D:6)
  3 sky beasts
  An ice beast (D:3)
  4 black bears
  14 wolves (IceCv)
  2 centaurs
  2 phantoms (D:6)
  A necrophage (D:8)
  2 bullfrogs
  3 wights (D:6)
  3 howler monkeys (D:7)
  4 centaur zombies (Ossuary)
  A human zombie (D:6)
  6 hounds
  3 jellies (D:6)
  A gnoll shaman (D:8)
  5 orc priests
  Terence (D:2)
  3 iguanas
  2 orc wizards
  5 mummies (Ossuary)
  4 gnolls (D:8)
  2 adders
  3 white imps
  A worm (D:5)
  2 dart slugs (D:1)
  17 orcs
  2 bats
  6 endoplasms
  5 giant cockroaches
  5 goblins
  4 hobgoblins
  3 jackals (D:5)
  8 kobolds
  2 quokkas
  4 ball pythons
  8 frilled lizards
  6 hobgoblin zombies
  A jackal zombie (D:6)
  4 rats
194 creatures vanquished.

Vanquished Creatures (others)
  2 yaks (IceCv)
  An orc wizard (D:7)
  17 plants
20 creatures vanquished.

Grand Total: 214 creatures vanquished

Notes
Turn   | Place    | Note
-------+----------+-------------------------------------------
     0 | D:1      | sammy202020 the Palentonga Berserker began the quest for
                  | the Orb.
     0 | D:1      | Reached XP level 1. HP: 19/19 MP: 1/1
   154 | D:1      | Found a faded altar of an unknown god.
   226 | D:1      | Reached XP level 2. HP: 24/25 MP: 2/2
  1185 | D:1      | Reached XP level 3. HP: 31/31 MP: 3/3
  1333 | D:2      | Noticed Terence
  1343 | D:2      | Killed Terence
  1714 | D:2      | Found Vanaoges's Jewellery Shop.
  1725 | D:2      | Reached ** piety under Trog
  2116 | D:2      | Found Gozipis's Jewellery Emporium.
  2633 | D:3      | Reached XP level 4. HP: 32/39 MP: 4/4
  2865 | D:3      | Noticed an ice beast
  2881 | D:3      | Killed an ice beast
  2882 | D:3      | Reached skill level 1 in Shields
  2882 | D:3      | Reached XP level 5. HP: 10/44 MP: 5/5
  3755 | D:3      | Found a burning altar of Makhleb.
  3757 | D:3      | Noticed a balrug
  3761 | D:3      | Noticed a smoke demon
  3761 | D:3      | Noticed an orange demon
  4895 | D:4      | Identified the +5 helmet of the Lion {rC+++}
  4988 | D:5      | Entered Level 5 of the Dungeon
  5013 | D:5      | Noticed a sky beast
  5027 | D:5      | Killed a sky beast
  5028 | D:5      | Reached XP level 6. HP: 46/52 MP: 6/6
  5079 | D:5      | Noticed a troll
  5086 | D:5      | Killed a troll
  5087 | D:5      | Gained mutation: You curl defensively after being hit. (AC
                  | +7*) [Palentonga growth]
  5087 | D:5      | Reached XP level 7. HP: 12/58 MP: 7/7
  5490 | D:5      | Reached skill level 5 in Fighting
  5543 | D:5      | Reached skill level 5 in Axes
  6019 | D:6      | Reached XP level 8. HP: 23/66 MP: 8/8
  6081 | D:6      | Noticed Edmund
  6094 | D:6      | Found a stormy altar of Qazlal.
  6095 | D:6      | Found a sparkling altar of Nemelex Xobeh.
  6199 | D:6      | Killed Edmund
  6263 | D:6      | Found a sand-covered staircase.
  6281 | Ossuary  | Entered an ossuary
  6556 | D:6      | Reached XP level 9. HP: 75/75 MP: 9/9
  6604 | D:6      | Found a staircase to the Ecumenical Temple.
  6605 | D:6      | Noticed Eustachio
  6618 | D:6      | Killed Eustachio
  6619 | D:6      | Reached skill level 5 in Armour
  6710 | D:7      | Reached *** piety under Trog
  7407 | D:8      | Noticed a troll
  7415 | D:8      | Killed a troll
  7417 | D:8      | Found Lyzuowk's General Store.
  7443 | D:8      | Found a staircase to the Lair.
  7444 | D:8      | Noticed Amaemon
  7446 | D:8      | Noticed an orange demon
  7490 | D:8      | Reached skill level 5 in Shields
  7504 | D:8      | Killed Amaemon
  7505 | D:8      | Reached XP level 10. HP: 49/84 MP: 10/10
  7513 | D:8      | Killed an orange demon
  7724 | D:8      | Noticed Joseph
  7739 | D:8      | Killed Joseph
  8151 | D:8      | You fall into a shaft and drop 3 floors!
  8163 | D:11     | Found a frozen archway.
  8172 | IceCv    | Entered an ice cave
  8548 | IceCv    | Reached XP level 11. HP: 73/93 MP: 11/11
  8553 | IceCv    | Reached **** piety under Trog
  8554 | IceCv    | Reached skill level 5 in Dodging
  8784 | IceCv    | Noticed a death yak
  8784 | IceCv    | Noticed a death yak
  8784 | IceCv    | Noticed a death yak
  8794 | IceCv    | Killed a death yak
  8813 | IceCv    | Killed a death yak
  8823 | IceCv    | Killed a death yak
  8983 | IceCv    | Noticed an ironbound frostheart
  8983 | IceCv    | Noticed a death yak
  8983 | IceCv    | Noticed a death yak
  8983 | IceCv    | Noticed a death yak
  8983 | IceCv    | Noticed an ironbound frostheart
  9003 | IceCv    | Killed a death yak
  9011 | IceCv    | Killed a death yak
  9016 | IceCv    | Killed a death yak
  9027 | IceCv    | HP: 3/96 [ironbound frostheart/creeping frost (24)]
  9028 | IceCv    | Mangled by an ironbound frostheart

Illustrated notes

Levels and vault maps discovered:
D:1:      dpeg_arrival_signposts, layout_loops_corners,
          hellmonk_ecumenical_altar_lost_god
D:2:      layout_basic, serial_shops, nicolae_shop_advertising_works
          [nicolae_subvault_shop_adworks], nicolae_shop_window_shopping,
          minmay_stone_trees_medium, uniq_terence
D:3:      layout_loops_corners, makhleb_altar_promises_db
D:4:      layout_gridville, corexii_corridor_pit, minivault_27
D:5:      wad_lake_hut, layout_rooms, solitary_fountain
D:6:      layout_basic, mainiacjoe_overflow_divided_tiny,
          minmay_temple_entry_junction, enter_ossuary_3, uniq_edmund,
          uniq_eustachio
D:7:      layout_basic
D:8:      layout_basic, david_lair_generic, serial_shops, nicolae_stop_n_shop_2,
          minmay_tree_intersection, uniq_amaemon, uniq_joseph
D:11:     layout_rooms, serial_shops, nicolae_shop_stone,
          portal_ice_cave_entry_pillars_2, special_room [special_room_bee],
          hellmonk_guarded_unrand_gyre_and_gimble
IceCv:    ice_cave_caverns_01

Skill      XL: |  1  2  3  4  5  6  7  8  9 10 11 |
---------------+----------------------------------+-----
Armour         | 2 3 4 5 7 |  7.8
Fighting       | 4 5 6 7 8 9 |  9.7
Dodging        | 2 3 4 5 |  5.5
Shields        | 1 2 3 4 5 6 7 |  7.3
Axes           | 4 5 6 7 8 9 |  9.7

Action                   |  1- 3 |  4- 6 |  7- 9 | 10-12 || total
-------------------------+-------+-------+-------+-------++-------
Melee: Hand axe          |   103 |     5 |       |       ||   108
       Tailslap          |     8 |     9 |    50 |    72 ||   139
       War axe           |       |    83 |   289 |   393 ||   765
Invok: Berserk           |     1 |     2 |     2 |     5 ||    10
       Trog's Hand       |       |       |     6 |     6 ||    12
 Abil: Rolling Charge    |    10 |     7 |     3 |       ||    20
  Use: Scroll            |       |     6 |     8 |     1 ||    15
       Potion            |       |       |     4 |     2 ||     6
Armor: Ring mail         |    34 |    47 |   123 |       ||   204
       Animal skin       |     2 |       |       |       ||     2
       Leather armour    |       |       |   138 |   216 ||   354
Dodge: Dodged            |    31 |    21 |   128 |   141 ||   321
Block: Tower shield      |     8 |    40 |   299 |   372 ||   719

Table legend: (Time is in decaauts)
 A = Elapsed time spent in this place.
 B = Non-inter-level travel time spent in this place.
 C = Inter-level travel time spent in this place.
 D = Time resting spent in this place.
 E = Time spent auto-exploring this place.
 F = Levels seen in this place.
 G = Mean time per level.
                   A        B        C        D        E       F      G
               +--------+--------+--------+--------+--------+-----+--------+
         Total |   9490 |   9124 |    366 |    239 |   6270 |  11 |  862.7 |
       Dungeon |   8377 |   8011 |    366 |    176 |   5860 |   9 |  930.8 |
       Ossuary |    127 |    127 |      0 |      0 |     38 |   1 |  127.0 |
      Ice Cave |    985 |    985 |      0 |     62 |    372 |   1 |  985.0 |
               +--------+--------+--------+--------+--------+-----+--------+

Top non-repeatable levels by time:
     D:3: 1584 daAuts
     D:2: 1346 daAuts
     D:1: 1292 daAuts
     D:5: 1090 daAuts
   IceCv: 985 daAuts
     D:4: 843 daAuts
     D:8: 823 daAuts
     D:7: 734 daAuts
     D:6: 641 daAuts
 Ossuary: 127 daAuts
    D:11: 20 daAuts
